[Event "Titled Tuesday Blitz February 28 Late 2023"]
[White "Rosen, Eric"]
[Black "Bilan, Danila"]
[WhiteFideId "2032562"]
[BlackFideId "24161918"]
[WhiteElo "2359"]
[BlackElo "2182"]
[Result "1/2-1/2"]
[Round "09"]
[TimeControl "180+2"]
[Date "2023.02.28"]
[WhiteClock "0:00:10"]
[BlackClock "0:00:06"]

1. e4 c6 2. Nf3 d5 3. Nc3 Bg4 4. h3 Bxf3 5. Qxf3 e6 6. Be2 Nd7 7. d4 dxe4 8. Nxe4 Ngf6 9. O-O Nxe4 10. Qxe4 Nf6 11. Qd3 Bd6 12. a4 Qc7 13. a5 Bf4 14. a6 b6 15. c3 O-O 16. Qf3 Bxc1 17. Rfxc1 Rac8 18. b4 Rfd8 19. Bd3 Qe7 20. Re1 g6 21. Re2 Kg7 22. g3 c5 23. dxc5 bxc5 24. b5 Nd5 25. c4 Nb6 26. Be4 Qf6 27. Qxf6+ Kxf6 28. Rc1 Rd4 29. Bb7 Rcd8 30. Rec2 e5 31. Kg2 Rd2 32. Bd5 Rxc2 33. Rxc2 Ke7 34. Bf3 Rd4 35. Be2 f5 36. Kf3 Kf6 37. Ke3 g5 38. f3 h5 39. Bd3 h4 40. g4 e4 41. fxe4 fxe4 42. Be2 Ke5 43. Rc1 Ke6 44. Rc2 Ke5 45. Rc3 Ke6 46. Rc2 Ke5 1/2-1/2


[Site "https://www.chess.com"]

[Event "Titled Tuesday Blitz February 28 Late 2023"]
[White "Diaz Perez, Michel Alejandro"]
[Black "Kalajzic, Ivan"]
[WhiteFideId "3517179"]
[BlackFideId "14506378"]
[WhiteElo "2333"]
[BlackElo "2203"]
[Result "1-0"]
[Round "09"]
[TimeControl "180+2"]
[Date "2023.02.28"]
[WhiteClock "0:00:55"]
[BlackClock "0:00:01"]

1. Nf3 Nc6 2. c4 e5 3. Nc3 Bc5 4. e3 Nf6 5. a3 a5 6. Qc2 O-O 7. Nd5 d6 8. Ng5 g6 9. h4 Bf5 10. Bd3 Bxd3 11. Qxd3 Nxd5 12. cxd5 Ne7 13. h5 Nf5 14. Nxh7 Kxh7 15. hxg6+ Kxg6 16. g4 Qd7 17. gxf5+ Kf6 18. b3 Rh8 19. Rf1 Qxf5 20. Qxf5+ Kxf5 21. d3 e4 22. Ke2 Rae8 23. Bb2 Rh2 24. dxe4+ Rxe4 25. Kd3 c6 26. dxc6 bxc6 27. Rac1 Rhh4 28. Rg1 Ke6 29. Rh1 Kd7 30. Rcg1 Rxh1 31. Rxh1 Re6 32. Rh7 Re7 33. a4 d5 34. Bc3 Bb4 35. Bd4 c5 36. Bb2 Kc6 37. Rh6+ Re6 38. Rh8 c4+ 39. bxc4 dxc4+ 40. Kxc4 Re4+ 41. Kb3 Rg4 42. Rh7 f5 43. Rf7 1-0


[Site "https://www.chess.com"]

[Event "Titled Tuesday Blitz February 28 Late 2023"]
[White "Fiorito, Joaquin"]
[Black "Vovk, Orest"]
[WhiteFideId "180173"]
[BlackFideId "14113490"]
[WhiteElo "2157"]
[BlackElo "2215"]
[Result "1-0"]
[Round "09"]
[TimeControl "180+2"]
[Date "2023.02.28"]
[WhiteClock "0:01:35"]
[BlackClock "0:02:13"]

1. d4 e5 2. dxe5 Nc6 3. Nf3 Qe7 4. Bg5 Qb4+ 5. Bd2 Qxb2 6. Nc3 Bb4 7. Rb1 Qxc3 8. Bxc3 Bxc3+ 9. Nd2 Nxe5 10. e3 Nf6 11. Bd3 d5 12. O-O O-O 13. Nf3 Nxf3+ 14. Qxf3 c6 15. h3 b5 16. Rfd1 b4 17. e4 dxe4 18. Bxe4 Nxe4 19. Qxe4 Be6 20. Rxb4 Bxb4 21. Qxb4 Bxa2 22. c4 a5 23. Qa4 Bxc4 24. Qxc4 a4 25. Ra1 a3 26. Qb3 Rfb8 27. Rxa3 h6 28. Rxa8 Rxa8 29. Kh2 Re8 30. Qb7 Re6 31. Qc8+ Kh7 32. Qd7 Rf6 33. f3 g5 34. Kg3 Kg6 35. Qd3+ Kg7 36. Qd4 Kg6 37. Qc4 Kg7 38. Qc5 Re6 39. Kf2 Kg6 40. g3 Kg7 41. f4 gxf4 42. gxf4 Kf6 43. Kf3 Kg7 44. f5 Rf6 45. Qe5 c5 46. Kf4 c4 47. Qc3 1-0


[Site "https://www.chess.com"]

[Event "Titled Tuesday Blitz February 28 Late 2023"]
[White "Womacka, Mathias"]
[Black "Yang, Qindong"]
[WhiteFideId "4611390"]
[BlackFideId "8603758"]
[WhiteElo "2377"]
[BlackElo "2090"]
[Result "1-0"]
[Round "09"]
[TimeControl "180+2"]
[Date "2023.02.28"]
[WhiteClock "0:01:06"]
[BlackClock "0:00:32"]

1. e4 c5 2. Nf3 d6 3. d4 cxd4 4. Nxd4 Nf6 5. Nc3 a6 6. Be2 e5 7. Nb3 Be7 8. O-O O-O 9. Kh1 Nc6 10. f4 b5 11. a4 b4 12. Nd5 a5 13. Nxe7+ Qxe7 14. fxe5 Qxe5 15. Bf4 Qxe4 16. Bf3 Qc4 17. Qxd6 Ra6 18. Qc5 Qxf4 19. Bxc6 Qh4 20. Bb5 Ng4 21. h3 Rh6 22. Rae1 Bb7 23. Qxf8+ Kxf8 24. Re8# 1-0


[Site "https://www.chess.com"]

[Event "Titled Tuesday Blitz February 28 Late 2023"]
[White "Pinheiro, Iung Alicio de O."]
[Black "Mujumdar, Sameer"]
[WhiteFideId "2104350"]
[BlackFideId "2029707"]
[WhiteElo "2283"]
[BlackElo "2104"]
[Result "1-0"]
[Round "09"]
[TimeControl "180+2"]
[Date "2023.02.28"]
[WhiteClock "0:00:04"]
[BlackClock "0:00:03"]

1. e4 c5 2. Nf3 d6 3. Nc3 Nf6 4. d4 cxd4 5. Nxd4 a6 6. a3 e6 7. g4 Be7 8. g5 Nfd7 9. Rg1 Nc6 10. Be3 Qc7 11. f4 b5 12. Qf3 Bb7 13. Nxc6 Bxc6 14. Bd4 e5 15. Be3 exf4 16. Bxf4 Ne5 17. Qg3 O-O 18. Be2 Rab8 19. O-O-O b4 20. axb4 Rxb4 21. Bxe5 dxe5 22. Nd5 Bxd5 23. Rxd5 Rc8 24. Bd3 Qb6 25. Kd2 Rxb2 26. Rc1 Bc5 27. Ke2 Bd4 28. h4 a5 29. h5 a4 30. g6 hxg6 31. hxg6 Qxg6 32. Qxg6 fxg6 33. Ra5 Rb4 34. Rf1 Bb2 35. Ra6 a3 36. Rg1 Rf8 37. Rgxg6 Rb7 38. Bc4+ Kh8 39. Rg2 Rf6 40. Ra8+ Kh7 41. Bg8+ Kh6 42. Bd5 g6 43. Rh8+ Kg7 44. Rg8+ Kh7 45. Rh2# 1-0


[Site "https://www.chess.com"]

[Event "Titled Tuesday Blitz February 28 Late 2023"]
[White "Papayan, Oleg"]
[Black "Yurovskykh, Oleksandr"]
[WhiteFideId "4193911"]
[BlackFideId "14134020"]
[WhiteElo "2153"]
[BlackElo "2268"]
[Result "1/2-1/2"]
[Round "09"]
[TimeControl "180+2"]
[Date "2023.02.28"]
[WhiteClock "0:00:05"]
[BlackClock "0:00:50"]

1. e4 d5 2. exd5 Qxd5 3. Nc3 Qd8 4. d4 Nf6 5. Nf3 Bg4 6. h3 Bxf3 7. Qxf3 c6 8. Be3 e6 9. O-O-O Bb4 10. Ne4 Nxe4 11. Qxe4 Qd5 12. Qxd5 cxd5 13. c3 Bd6 14. Bd3 Nd7 15. f4 f5 16. g4 g6 17. Rdg1 Kf7 18. Kd2 Nf6 19. Ke2 Ne4 20. Bxe4 fxe4 21. Rf1 Rhg8 22. Rf2 b5 23. f5 exf5 24. gxf5 g5 25. f6 Bf4 26. Bxf4 gxf4 27. Rxf4 Rg2+ 28. Rf2 Rxf2+ 29. Kxf2 Kxf6 30. Rg1 Rc8 31. Ke3 b4 32. cxb4 Rc2 33. Rf1+ Ke6 34. Rf2 Rxf2 35. Kxf2 Kd6 36. a4 Kc6 37. b5+ Kb6 38. b4 h5 39. h4 Kc7 40. a5 Kb7 41. Ke3 Kc7 42. Kd2 Kb7 43. Ke3 Kc7 44. Ke2 Kc8 45. Ke1 Kb8 46. Ke2 Ka8 47. Ke3 Kb7 48. Kf4 Kc7 49. Ke3 Kc8 50. Ke2 Kb7 51. Kd1 Ka8 52. Kd2 Kb8 53. Ke3 Kb7 54. Ke2 a6 55. bxa6+ Kxa6 56. Ke3 Kb5 57. Ke2 Ka6 58. Ke3 Kb5 59. Kf2 Ka6 60. Ke2 Kb5 61. Kd2 Ka6 62. Ke3 1/2-1/2


[Site "https://www.chess.com"]

[Event "Titled Tuesday Blitz February 28 Late 2023"]
[White "Janaszak, Dawid"]
[Black "Przybylski, Wojciech"]
[WhiteFideId "1119206"]
[BlackFideId "1117599"]
[WhiteElo "2220"]
[BlackElo "2222"]
[Result "1-0"]
[Round "09"]
[TimeControl "180+2"]
[Date "2023.02.28"]
[WhiteClock "0:00:09"]
[BlackClock "0:00:05"]

1. Nc3 c5 2. e4 d6 3. f4 g6 4. Nf3 Bg7 5. Bc4 Nc6 6. O-O e6 7. d4 cxd4 8. Nb5 a6 9. Nbxd4 Nge7 10. c3 b5 11. Bb3 O-O 12. Qe1 Nxd4 13. Nxd4 e5 14. Nf3 exf4 15. Bxf4 Be6 16. Rd1 Bxb3 17. axb3 Qb6+ 18. Be3 Qc6 19. Qh4 Qd7 20. Ng5 h6 21. Nf3 h5 22. Bf4 d5 23. Bg5 Rfe8 24. Bf6 Bxf6 25. Qxf6 Qe6 26. Qxe6 fxe6 27. Ng5 dxe4 28. Nxe4 Kg7 29. Ng5 Nf5 30. Rd7+ Kg8 31. Rfd1 e5 32. Ne4 Rf8 33. h3 Rae8 34. b4 Ne3 35. Re1 Nf5 36. Nc5 Re7 37. Rxe7 Nxe7 38. Rxe5 Nf5 39. Re6 Kg7 40. Rxa6 Re8 41. Ra7+ Kf6 42. Nd7+ Kg5 43. Kf2 h4 44. Nc5 Ng3 45. Rf7 Re2+ 46. Kf3 Re1 47. Rb7 Nf5 48. Rxb5 Rf1+ 49. Ke2 Rg1 50. Ne4+ Kf4 51. Nf6 Rxg2+ 52. Kd3 Rg3+ 53. Kc4 Rxh3 54. Rb8 Rh1 55. Rh8 h3 56. b5 h2 57. b6 Rb1 58. Rxh2 Nd6+ 59. Kc5 Nb7+ 60. Kc6 Na5+ 61. Kc7 Nc4 62. b7 Kf5 63. Nd7 Rxb2 64. Rxb2 Nxb2 65. b8=Q Nc4 66. Qb5+ Ke6 67. Qxc4+ Kf5 68. Qd5+ Kg4 69. Ne5+ Kh5 70. Qf3+ Kg5 71. Qg3+ Kf5 72. Qxg6+ Kxe5 73. Qd6+ Ke4 74. c4 1-0


[Site "https://www.chess.com"]

[Event "Titled Tuesday Blitz February 28 Late 2023"]
[White "Cilek, Bora"]
[Black "Wartiovaara, Oliver"]
[WhiteFideId "34502165"]
[BlackFideId "513024"]
[WhiteElo "2108"]
[BlackElo "2214"]
[Result "0-1"]
[Round "09"]
[TimeControl "180+2"]
[Date "2023.02.28"]
[WhiteClock "0:00:55"]
[BlackClock "0:01:14"]

1. e4 c5 2. Nf3 d6 3. g3 Nc6 4. Bg2 g6 5. O-O Bg7 6. Re1 e5 7. c3 Nge7 8. d3 O-O 9. a4 h6 10. Na3 Be6 11. Nc4 f5 12. exf5 gxf5 13. Nh4 e4 14. Ne3 d5 15. dxe4 fxe4 16. Qh5 Qe8 17. Qxe8 Raxe8 18. a5 Bf6 19. a6 b6 20. f3 Bxh4 21. gxh4 exf3 0-1


[Site "https://www.chess.com"]

[Event "Titled Tuesday Blitz February 28 Late 2023"]
[White "Buchenau, Frank"]
[Black "Sztokbant, Bernardo Vainzoff"]
[WhiteFideId "4604350"]
[BlackFideId "2115956"]
[WhiteElo "2157"]
[BlackElo "2222"]
[Result "0-1"]
[Round "09"]
[TimeControl "180+2"]
[Date "2023.02.28"]
[WhiteClock "0:00:16"]
[BlackClock "0:00:04"]

1. e4 c5 2. Nf3 Nc6 3. Bb5 e6 4. Bxc6 bxc6 5. d3 d6 6. e5 d5 7. c4 Ne7 8. O-O Ng6 9. Qe2 Be7 10. g3 O-O 11. h4 f6 12. Nc3 Qc7 13. h5 Nxe5 14. Nxe5 fxe5 15. Qg4 Bf6 16. h6 g6 17. Bg5 Bh8 18. Rae1 Qf7 19. f4 e4 20. dxe4 e5 21. Qe2 Bh3 22. Rf2 d4 23. Na4 Bf6 24. Nxc5 Bxg5 25. fxg5 Qe7 26. Nd3 Qxg5 27. Kh2 Bg4 28. Qd2 Rxf2+ 29. Qxf2 Qxh6+ 30. Kg1 Rf8 31. Qh2 Qg5 32. Qh4 Qd2 33. Qxg4 Qxd3 34. Qe6+ Rf7 35. Qe8+ Kg7 36. Qxe5+ Kg8 37. Qe8+ Kg7 38. Qe5+ Kh6 39. Kg2 Qd2+ 40. Kh3 Qxe1 41. Qe8 Qh1+ 42. Kg4 Qh5# 0-1


[Site "https://www.chess.com"]

[Event "Titled Tuesday Blitz February 28 Late 2023"]
[White "Hajiyev, Kanan"]
[Black "Mendez Fortes, Eduardo Jesus"]
[WhiteFideId "13404148"]
[BlackFideId "3502376"]
[WhiteElo "2103"]
[BlackElo "2307"]
[Result "0-1"]
[Round "09"]
[TimeControl "180+2"]
[Date "2023.02.28"]
[WhiteClock "0:00:58"]
[BlackClock "0:01:56"]

1. d4 Nf6 2. c4 e6 3. Nf3 d5 4. cxd5 exd5 5. Nc3 c6 6. Bg5 Be7 7. Qc2 Nbd7 8. e3 Nh5 9. Bxe7 Qxe7 10. Be2 g6 11. O-O Nb6 12. Ne5 O-O 13. Bxh5 gxh5 14. Qe2 Qg5 15. f4 Qh6 16. Rf3 f6 17. Nd3 Bg4 18. Rg3 Kh8 19. Qf2 f5 20. Ne5 h4 21. Rxg4 fxg4 22. Nxg4 Qh5 23. Ne5 Rae8 24. Rf1 Nc8 25. Qc2 Nd6 26. Qa4 a6 27. Qc2 Nf5 28. Rf3 Re7 29. Na4 Rg8 30. Nc5 Rxe5 0-1


[Site "https://www.chess.com"]

[Event "Titled Tuesday Blitz February 28 Late 2023"]
[White "Ristic, Nebojsa B"]
[Black "Hoffmann, Asa"]
[WhiteFideId "935468"]
[BlackFideId "2001470"]
[WhiteElo "2303"]
[BlackElo "2117"]
[Result "1-0"]
[Round "09"]
[TimeControl "180+2"]
[Date "2023.02.28"]
[WhiteClock "0:00:31"]
[BlackClock "0:00:01"]

1. d4 Nf6 2. Bf4 d6 3. Nc3 c6 4. e4 b5 5. Bd3 a6 6. Nf3 Bg4 7. h3 Bh5 8. Qd2 Bxf3 9. gxf3 e6 10. a4 b4 11. Ne2 a5 12. Ng3 d5 13. e5 Nfd7 14. c3 g6 15. h4 h5 16. Bg5 Be7 17. f4 c5 18. O-O c4 19. Be2 Nc6 20. Kg2 Rb8 21. Bf3 Bxg5 22. fxg5 Ne7 23. Rfe1 Nf5 24. Nxf5 gxf5 25. Qe2 Ke7 26. Rh1 bxc3 27. bxc3 Rb3 28. Rab1 Qb6 29. Qc2 Nf8 30. Rxb3 cxb3 31. Qb2 Ng6 32. Kg3 Kf8 33. Rb1 f4+ 34. Kh3 Kg7 35. Qxb3 Qc7 36. Rc1 Rb8 37. Qc2 Rh8 38. c4 dxc4 39. Qxc4 Qd7 40. Rd1 Rc8 41. Qb5 Qxb5 42. axb5 Rc3 43. Rb1 Rxf3+ 44. Kh2 Rc3 45. b6 Rc8 46. Kh3 Rb8 47. b7 Ne7 48. Kg2 Nf5 49. Kf3 Nxd4+ 50. Kxf4 Nc6 51. Rb5 Nb4 52. Ke4 Nd5 53. Kd4 a4 54. Kc5 a3 55. Kc6 a2 56. Ra5 1-0


[Site "https://www.chess.com"]

[Event "Titled Tuesday Blitz February 28 Late 2023"]
[White "Guzman Moneo, Alberto"]
[Black "Sadovsky, Artem"]
[WhiteFideId "2209616"]
[BlackFideId "4155840"]
[WhiteElo "2157"]
[BlackElo "2314"]
[Result "0-1"]
[Round "09"]
[TimeControl "180+2"]
[Date "2023.02.28"]
[WhiteClock "0:00:04"]
[BlackClock "0:01:43"]

1. e4 g6 2. d4 Bg7 3. Nf3 c6 4. c4 d5 5. cxd5 cxd5 6. exd5 Nf6 7. Qa4+ Nbd7 8. Nc3 O-O 9. Bc4 Nb6 10. Qb3 a5 11. a4 Bf5 12. O-O Rc8 13. Bb5 Nfxd5 14. Bg5 Nb4 15. Rfe1 Bc2 16. Qa3 Rc7 17. Bf1 h6 18. Bh4 Bf6 19. Bxf6 exf6 20. Rac1 Re8 21. Nb5 Rce7 22. Rxe7 Rxe7 23. b3 Kg7 24. Qb2 Be4 25. Nd2 Qd5 26. Nxe4 Rxe4 27. g3 Re7 28. Bg2 Qg5 29. h4 Qg4 30. Qd2 Qe6 31. Rc7 Rxc7 32. Nxc7 Qxb3 33. Bxb7 Nc4 34. Qe2 Nd6 35. Bg2 Qxa4 36. d5 Qd7 37. Na8 Nc8 38. h5 Nxd5 39. hxg6 fxg6 40. Qd3 Ndb6 41. Qa6 Nxa8 42. Bxa8 Qc7 43. Bf3 Nd6 44. Qa8 Nf7 45. Bd5 h5 46. Kg2 Nh6 47. Bf3 Qe5 48. Qa7+ Nf7 49. Qb7 a4 50. Bd5 Qe8 51. Qa7 g5 52. Bxf7 Qxf7 53. Qxa4 Qd5+ 54. Kg1 g4 55. Qe8 Qf7 56. Qe3 Kg6 57. Qe4+ f5 58. Qe5 Qf6 59. Qe8+ Qf7 60. Qe5 Qg7 61. Qf4 Qa1+ 62. Kh2 Qa6 63. Kg1 Qf6 64. Kh2 h4 65. gxh4 Qxh4+ 66. Kg1 Qh3 67. Qd6+ Kh5 68. Qf6 g3 69. Qh8+ Kg4 70. Qg7+ Kf3 71. Qxg3+ Qxg3+ 72. fxg3 Kxg3 73. Kf1 Kf3 74. Ke1 f4 75. Kf1 Kg3 76. Kg1 f3 77. Kf1 f2 0-1


[Site "https://www.chess.com"]

[Event "Titled Tuesday Blitz February 28 Late 2023"]
[White "Bouget, Alexandre"]
[Black "Kleiman, Jake"]
[WhiteFideId "681318"]
[BlackFideId "2020041"]
[WhiteElo "2177"]
[BlackElo "2501"]
[Result "1-0"]
[Round "09"]
[TimeControl "180+2"]
[Date "2023.02.28"]
[WhiteClock "0:00:11"]
[BlackClock "0:00:07"]

1. d4 Nf6 2. c4 e6 3. Nc3 Bb4 4. a3 Bxc3+ 5. bxc3 O-O 6. f3 Nh5 7. Nh3 f5 8. Bg5 Qe8 9. Nf2 d6 10. e4 e5 11. d5 Na6 12. exf5 Rxf5 13. Be3 Rf8 14. Bd3 Nf4 15. Bxf4 Rxf4 16. Ne4 Rf8 17. O-O Bf5 18. Rb1 Bxe4 19. Bxe4 Nc5 20. Qc2 Qh5 21. Rb5 b6 22. a4 a5 23. Rfb1 Rf4 24. Rxc5 dxc5 25. d6 Raf8 26. dxc7 Qe8 27. Qd3 R4f6 28. Bb7 e4 29. Qxe4 Qd7 30. Qd5+ Qxd5 31. Bxd5+ Kh8 32. Bb7 1-0


[Site "https://www.chess.com"]

[Event "Titled Tuesday Blitz February 28 Late 2023"]
[White "Ansh M Shah"]
[Black "Drnovsek, Gal"]
[WhiteFideId "25033379"]
[BlackFideId "14607077"]
[WhiteElo "2084"]
[BlackElo "2293"]
[Result "1-0"]
[Round "09"]
[TimeControl "180+2"]
[Date "2023.02.28"]
[WhiteClock "0:00:11"]
[BlackClock "0:00:59"]

1. d4 Nf6 2. c4 Nc6 3. d5 Ne5 4. e3 e6 5. Nc3 Bb4 6. Bd2 O-O 7. a3 Be7 8. Nf3 Ng6 9. h4 h5 10. Ng5 e5 11. Be2 d6 12. Bxh5 Nxh4 13. Rxh4 Nh7 14. Nxf7 Qd7 15. Rh1 Qf5 16. g4 Qd7 17. Bg6 Ng5 18. Rh8# 1-0


[Site "https://www.chess.com"]

[Event "Titled Tuesday Blitz February 28 Late 2023"]
[White "Petukhov, Dmitry"]
[Black "Lopez Del Alamo, Antonio"]
[WhiteFideId "4142748"]
[BlackFideId "2227339"]
[WhiteElo "2311"]
[BlackElo "2175"]
[Result "1-0"]
[Round "09"]
[TimeControl "180+2"]
[Date "2023.02.28"]
[WhiteClock "0:00:22"]
[BlackClock "0:00:20"]

1. e4 c5 2. c3 d5 3. exd5 Qxd5 4. d4 Nf6 5. Nf3 Nc6 6. Be2 Bg4 7. O-O e6 8. h3 Bh5 9. Be3 cxd4 10. cxd4 Be7 11. Nc3 Qd6 12. Qb3 O-O 13. Rfd1 a6 14. d5 exd5 15. Nxd5 Bxf3 16. Bxf3 Nxd5 17. Bxd5 Qb4 18. Qxb4 Nxb4 19. Bxb7 Rab8 20. Be4 Bf6 21. a3 Rfe8 22. Bf4 Rbc8 23. Bb7 Rc4 24. Re1 Rd8 25. axb4 Rxf4 26. Re4 Rxe4 27. Bxe4 Rd4 28. Rxa6 Be5 29. Ra8+ 1-0


[Site "https://www.chess.com"]

[Event "Titled Tuesday Blitz February 28 Late 2023"]
[White "Smith, Garrett L"]
[Black "Petrovic, Aleksa"]
[WhiteFideId "2024829"]
[BlackFideId "967629"]
[WhiteElo "2311"]
[BlackElo "2304"]
[Result "0-1"]
[Round "09"]
[TimeControl "180+2"]
[Date "2023.02.28"]
[WhiteClock "0:00:01"]
[BlackClock "0:00:03"]

1. e4 c6 2. d4 d5 3. e5 c5 4. Nf3 cxd4 5. Nxd4 Nc6 6. Nxc6 bxc6 7. c4 e6 8. Nc3 Bc5 9. Bd3 Ne7 10. O-O Ng6 11. Qe2 O-O 12. Bd2 Rb8 13. b3 a5 14. Rac1 Bd7 15. Kh1 Ba7 16. f4 f6 17. Qh5 Be8 18. Qh3 fxe5 19. fxe5 Bf7 20. cxd5 cxd5 21. Nb5 Rxb5 22. Bxb5 Nxe5 23. a4 Ng6 24. Qg3 e5 25. Bg5 Qb6 26. Rc6 Qd4 27. Rc7 Bb6 28. Rb7 Be6 29. Rc1 Rc8 30. Rf1 Rf8 31. Qe1 Rxf1+ 32. Qxf1 h6 33. Bc1 e4 34. h3 e3 35. Rb8+ Kh7 36. Bd3 Bc7 37. Rb7 Qe5 38. Rxc7 Qxc7 39. Bxe3 Qe5 40. Qe2 d4 41. Qc2 Qxe3 42. Bxg6+ Kh8 43. Qc5 Qe1+ 44. Kh2 Qf2 45. Qd6 Qf6 0-1


[Site "https://www.chess.com"]

[Event "Titled Tuesday Blitz February 28 Late 2023"]
[White "Toncheva, Nadya"]
[Black "Dorato, Adriano"]
[WhiteFideId "2924056"]
[BlackFideId "2802894"]
[WhiteElo "2101"]
[BlackElo "1709"]
[Result "1-0"]
[Round "09"]
[TimeControl "180+2"]
[Date "2023.02.28"]
[WhiteClock "0:00:12"]
[BlackClock "0:00:07"]

1. d4 d5 2. c4 e6 3. Nc3 c5 4. cxd5 cxd4 5. Qa4+ Bd7 6. Qxd4 exd5 7. Qxd5 Nc6 8. e3 Be6 9. Qxd8+ Rxd8 10. Bb5 Ne7 11. Nf3 g6 12. O-O Bg7 13. Bd2 O-O 14. Rfd1 a6 15. Bf1 Nd5 16. Nxd5 Bxd5 17. Bc3 Bxc3 18. bxc3 Bxf3 19. gxf3 Ne5 20. Kg2 Rc8 21. f4 Nc4 22. Rd7 b5 23. a4 bxa4 24. Ra7 Nb2 25. Rxa6 Rxc3 26. Bb5 Rb8 27. Bxa4 Nxa4 28. R1xa4 Rb2 29. Ra2 Rb1 30. Ra7 Rcc1 31. Rd7 Rg1+ 32. Kf3 Rh1 33. Ra8+ Kg7 34. Raa7 Rxh2 35. Rxf7+ Kg8 36. Rg7+ Kh8 37. Rgc7 Rb8 38. Kg3 Rh5 39. e4 Re8 40. e5 Rf8 41. e6 g5 42. f5 Rh6 43. e7 Re8 44. Rd7 Kg8 45. Kg4 Rf6 46. Kxg5 Rf7 47. f6 h6+ 48. Kg6 h5 49. Rd8 1-0


[Site "https://www.chess.com"]

[Event "Titled Tuesday Blitz February 28 Late 2023"]
[White "Matsuura, Frederico"]
[Black "Sielecki, Christof"]
[WhiteFideId "2107848"]
[BlackFideId "4620437"]
[WhiteElo "2302"]
[BlackElo "2443"]
[Result "0-1"]
[Round "09"]
[TimeControl "180+2"]
[Date "2023.02.28"]
[WhiteClock "0:00:01"]
[BlackClock "0:00:04"]

1. d4 Nf6 2. Bg5 c5 3. Bxf6 gxf6 4. d5 Bg7 5. g3 f5 6. Qc1 d6 7. Bg2 Nd7 8. Nh3 Nf6 9. Nf4 e5 10. dxe6 fxe6 11. c4 O-O 12. Nc3 Qe7 13. O-O Rb8 14. Rd1 a6 15. Qd2 Rd8 16. a4 Ng4 17. Rac1 Ne5 18. b3 Nc6 19. e3 Kh8 20. Nh5 Nb4 21. Nxg7 Qxg7 22. Ne2 e5 23. Nc3 Be6 24. Nd5 Bxd5 25. Bxd5 Qf6 26. Bg2 Kg7 27. Qc3 e4 28. Qd2 Qe5 29. f3 exf3 30. Bxf3 Rd7 31. Re1 Rf8 32. e4 f4 33. Bg4 Rdf7 34. gxf4 Rxf4 35. Bf5 Nc6 36. Kh1 Nd4 37. Rg1+ Kh8 38. Rcd1 Rh4 39. Rg2 Nf3 40. Qxd6 Qxd6 41. Rxd6 Nd4 42. Rf2 Rxe4 43. Rd5 Re1+ 44. Kg2 Rg8+ 45. Kh3 Re3+ 46. Kh4 b6 47. Bd7 Nf3+ 0-1


[Site "https://www.chess.com"]

[Event "Titled Tuesday Blitz February 28 Late 2023"]
[White "Gubajdullin, Alexei"]
[Black "Haszon, David"]
[WhiteFideId "4141202"]
[BlackFideId "733610"]
[WhiteElo "2285"]
[BlackElo "2210"]
[Result "0-1"]
[Round "09"]
[TimeControl "180+2"]
[Date "2023.02.28"]
[WhiteClock "0:00:04"]
[BlackClock "0:00:10"]

1. d4 e6 2. Nf3 f6 3. e4 g6 4. e5 Bg7 5. h4 d6 6. h5 dxe5 7. hxg6 hxg6 8. Rxh8 Bxh8 9. Bd3 f5 10. Nxe5 Ne7 11. Qd2 Bxe5 12. dxe5 Qd5 13. f4 Nbc6 14. Nc3 Qd4 15. Qe2 Qg1+ 16. Qf1 Qxf1+ 17. Kxf1 a6 18. a3 Bd7 19. Be3 g5 20. g3 Kf7 21. Be2 Rh8 22. Bf3 Ng6 23. Kf2 Rh2+ 24. Kg1 Rxc2 25. Rb1 gxf4 26. gxf4 Nh4 27. Be2 Ne7 28. Bf2 Nhg6 29. Be3 Bc6 30. Kf1 Nd5 31. Nxd5 Bxd5 32. Rc1 Rxc1+ 33. Bxc1 Ke7 34. Bh5 Nf8 35. Bd2 Nd7 36. Ba5 b6 37. Bb4+ c5 38. Be1 Be4 39. Bh4+ Kf8 40. Bd8 b5 41. Ke2 Bc6 42. Kd2 Nb8 43. Bb6 Nd7 44. Bc7 Ke7 45. Kc3 Bd5 46. b4 c4 47. Kd4 Kf8 48. Bd6+ Kg7 49. Be8 Nf8 50. Be7 Ng6 51. Bg5 Nf8 52. Kc3 Nh7 53. Be7 Nf8 54. Kd4 Ng6 55. Bg5 Nf8 56. Bh5 Be4 57. Be2 Nh7 58. Bh4 Nf8 59. Bf6+ Kg6 60. a4 Nd7 61. Bh4 Nb6 62. axb5 axb5 63. Kc5 Nd5 64. Bf1 c3 65. Be1 Nxf4 66. Bxc3 Bd3 67. Bxd3 Nxd3+ 68. Kxb5 f4 69. Bd4 Kf5 70. Kc4 Nxe5+ 71. Kc3 Nd7 72. b5 e5 0-1


[Site "https://www.chess.com"]

[Event "Titled Tuesday Blitz February 28 Late 2023"]
[White "Paszewski, Mateusz"]
[Black "Pino Perez, Lazaro"]
[WhiteFideId "1141058"]
[BlackFideId "3517055"]
[WhiteElo "2223"]
[BlackElo "2170"]
[Result "1-0"]
[Round "09"]
[TimeControl "180+2"]
[Date "2023.02.28"]
[WhiteClock "0:01:35"]
[BlackClock "0:00:22"]

1. d4 d5 2. Nf3 Nf6 3. Bf4 e6 4. e3 Bd6 5. Nbd2 O-O 6. c3 c5 7. Bd3 Bxf4 8. exf4 cxd4 9. Nxd4 Qb6 10. Rb1 Qc7 11. g3 e5 12. fxe5 Qxe5+ 13. Qe2 Qxe2+ 14. Bxe2 Nc6 15. N2f3 Bf5 16. Rd1 Be4 17. O-O Rfe8 18. Rfe1 Rad8 19. Bb5 Bxf3 20. Nxf3 Rxe1+ 21. Rxe1 Ne4 22. Rd1 Ne7 23. Nd4 a6 24. Bf1 f6 25. Bg2 Nc5 26. Rd2 Kf7 27. Kf1 Nc6 28. Nf5 Ne4 29. Rd1 g6 30. Ne3 Ke6 31. c4 d4 32. Bxe4 dxe3 33. Rxd8 Nxd8 34. fxe3 Ke5 35. Bd5 b6 36. Ke2 a5 37. Kd3 h5 38. b3 Kd6 39. Kd4 1-0


[Site "https://www.chess.com"]

[Event "Titled Tuesday Blitz February 28 Late 2023"]
[White "Filgueira, Hernan"]
[Black "Sarkar, Justin"]
[WhiteFideId "101770"]
[BlackFideId "2010011"]
[WhiteElo "2363"]
[BlackElo "2189"]
[Result "1-0"]
[Round "09"]
[TimeControl "180+2"]
[Date "2023.02.28"]
[WhiteClock "0:00:45"]
[BlackClock "0:00:01"]

1. c4 Nf6 2. Nc3 e5 3. Nf3 Nc6 4. a3 g6 5. d3 Bg7 6. g3 O-O 7. Bg2 d6 8. O-O Nd7 9. Bd2 f5 10. b4 h6 11. b5 Ne7 12. Rc1 g5 13. h4 g4 14. Nh2 Nf6 15. Nd5 Nfxd5 16. cxd5 Bd7 17. a4 f4 18. Rc4 Nf5 19. Qc1 fxg3 20. Nxg4 gxf2+ 21. Rxf2 h5 22. Bg5 Qe8 23. Nh2 Nd4 24. Qe3 Rxf2 25. Qxf2 Rc8 26. e3 Nf5 27. Be4 Qf7 28. Rc1 Ne7 29. Qg2 1-0


[Site "https://www.chess.com"]

[Event "Titled Tuesday Blitz February 28 Late 2023"]
[White "Carrasco Miranda, Andres"]
[Black "Balla, Tamas-Kristof"]
[WhiteFideId "3405990"]
[BlackFideId "1208497"]
[WhiteElo "2183"]
[BlackElo "2334"]
[Result "0-1"]
[Round "09"]
[TimeControl "180+2"]
[Date "2023.02.28"]
[WhiteClock "0:00:39"]
[BlackClock "0:00:15"]

1. d4 d5 2. c4 e6 3. Nf3 c5 4. g3 Nf6 5. cxd5 exd5 6. Bg2 Nc6 7. O-O Be6 8. Nc3 Be7 9. dxc5 Bxc5 10. Na4 Be7 11. Be3 O-O 12. Rc1 Ne4 13. Nd4 Nxd4 14. Bxd4 Bf6 15. Nc3 Bxd4 16. Qxd4 Nxc3 17. Rxc3 Qd7 18. Rfc1 Rac8 19. Rxc8 Rxc8 20. Rxc8+ Qxc8 21. Bxd5 Bh3 22. Qc4 Qd7 23. e4 h6 24. f4 a6 25. Kf2 Qd6 26. Qd4 Qc7 27. Qc4 Qb6+ 28. Ke1 Qg1+ 29. Kd2 Qxh2+ 30. Kc3 Qxg3+ 31. Kb4 Qxf4 32. Bxb7 Qd6+ 33. Ka5 Be6 34. Qxa6 Qd2+ 35. Kb6 Qxb2+ 36. Ka7 Qxa2 37. Qxa2 Bxa2 38. Kb6 g5 39. Kc5 Kg7 40. Kd4 Kg6 41. Ke3 h5 42. Bc8 Be6 43. Bb7 h4 44. Kf2 Kh5 45. e5 Kg4 46. Ke3 Kf5 47. Kf3 Kxe5 0-1


[Site "https://www.chess.com"]

[Event "Titled Tuesday Blitz February 28 Late 2023"]
[White "Figorito, Nick"]
[Black "reevecanada"]
[WhiteFideId "30923689"]
[WhiteElo "2374"]
[BlackElo "2472"]
[Result "0-1"]
[Round "09"]
[TimeControl "180+2"]
[Date "2023.02.28"]
[WhiteClock "0:00:01"]
[BlackClock "0:01:09"]

1. Nf3 d5 2. g3 c5 3. Bg2 Nf6 4. O-O e6 5. d4 Bd6 6. c4 cxd4 7. Nxd4 dxc4 8. Qa4+ Nbd7 9. Nb5 Be7 10. Bf4 e5 11. Bxe5 Nxe5 12. Nc7+ Kf8 13. Nxa8 Bc5 14. Na3 Bd7 15. Rad1 Qxa8 16. Qc2 Qc8 17. Qc3 Qc7 18. Bxb7 g6 19. Bg2 Kg7 20. e3 Be6 21. Nb5 Qb8 22. Nd4 Nd5 23. Nxe6+ fxe6 24. Bxd5 Bb4 25. Qd4 Rd8 26. Qh4 Rxd5 27. Qf4 Qd6 28. Rxd5 exd5 29. Qd4 Bc5 30. Qc3 d4 31. exd4 Bxd4 32. Rd1 Qd5 33. Rxd4 Nf3+ 0-1


[Site "https://www.chess.com"]